 Dungeon Crawl Stone Soup version 0.23-a0-139-ga22e90c45f (webtiles) character file.

639635 Napalmbreeze the Conqueror (level 27, -11/218 HPs)
             Began as a Minotaur Berserker on Aug 30, 2018.
             Was a High Priest of Trog.
             Killed from afar by a hell hog (22 damage)
             ... with a fireball
             ... on level 4 of the Abyss.
             The game lasted 04:49:42 (74099 turns).

Napalmbreeze the Conqueror (Minotaur Berserker)    Turns: 74099, Time: 04:49:43

Health: -11/218    AC: 43    Str: 14 (17) XL:     27
Magic:  24/24      EV: 20    Int:  8 (9)  God:    Trog [*****.]
Gold:   5290       SH:  0    Dex: 13 (15) Spells: 26/26 levels left

rFire    + . .     SeeInvis .   M - +8 frozen axe "Frostbite" {freezing cloud, *Noise +Fly rC+}
rCold    + + .     Gourm    .   (shield currently unavailable)
rNeg     + . .     Faith    .   u - +15 Maxwell's patent armour {-Cast -Tele rElec MR+ rCorr}
rPois    +         Spirit   .   (helmet unavailable)
rElec    +         Reflect  .   c - +2 cloak {rPois}
rCorr    +         Harm     +   G - +2 pair of gloves {Str+3}
MR       +++++     Rnd*Rage +   e - +0 pair of boots {run} Stlth ..........NoTele +
                                O - amulet "Gujal" {Harm *Drain rC+ rN+ Int+4}
HPRegen  1.00/turn NoCast   +   P - ring "Heumel" {rElec rF+ MP+9 Str-5}
MPRegen  0.19/turn              N - +4 ring of evasion

@: regenerating, quick
A: retaliatory headbutt, horns 3, slimy green scales 1, [berserk 1], [blurry
vision 2], clever 1, [clumsy 2], [deformed body], [deterioration 1], [dopey 2],
frail 1[+1], low mp 1[+2], screaming 1, [inhibited regeneration], [teleportitis
3], [weak 2], [no potion heal 3], [subdued magic 3], sturdy frame 1
}: 4/15 runes: decaying, serpentine, slimy, silver
a: Berserk, Trog's Hand, Brothers in Arms, Renounce Religion, Evoke Flight


You were on level 4 of the Abyss.
You worshipped Trog.
Trog was extremely pleased with you.
You were not hungry.

You visited 9 branches of the dungeon, and saw 49 of its levels.
You visited the Abyss 1 time.
You also visited: Labyrinth, Trove, Ice Cave and Wizlab.

You collected 6785 gold pieces.
You spent 1495 gold pieces at shops.

Inventory:

Hand Weapons
 M - the +8 frozen axe "Frostbite" (weapon) {freezing cloud, *Noise +Fly rC+}
   (You found it on level 3 of the Elven Halls)

   It has been specially enchanted to freeze those struck by it, causing extra
   injury to most foes and up to half again as much damage against particularly
   susceptible opponents.
   It can also slow down cold-blooded creatures.
   It protects you from cold.
   It lets you fly.
   It may make noises in combat.
 Q - the +14 obsidian axe {chop, +Fly SInv *Curse}
   (Trog gifted it to you on level 1 of the Snake Pit)

   It inflicts extra damage upon your enemies.
   It lets you see invisible.
   It lets you fly.
   It curses itself when equipped.
Armour
 c - a +2 cloak of poison resistance (worn)
 e - a +0 pair of boots of running (worn)
 q - a +1 hat
 s - a scarf of cloud immunity
 u - the +15 Maxwell's patent armour (worn) {-Cast -Tele rElec MR+ rCorr}
   (You acquired it on level 3 of the Lair of Beasts)

   It insulates you from electricity.
   It affects your resistance to hostile enchantments.
   It prevents spellcasting.
   It prevents most forms of teleportation.
   It provides partial protection from all sources of acid and corrosion.
 v - the +2 pair of boots of Hairiness {rElec}
   (You found it on level 3 of the Elven Halls)

   It insulates you from electricity.
 G - a +2 pair of gloves of strength (worn)
 I - the +4 shield of Duck's Teeth {rF+ rN++ Int-2 Stlth+}
   (You took it off an ironbrand convoker on level 5 of the Vaults)

   It affects your intelligence (-2).
   It protects you from fire.
   It greatly protects you from negative energy.
   It makes you more stealthy.
 T - +0 gold dragon scales
Jewellery
 w - an uncursed ring of stealth
 H - an uncursed ring of protection from magic
 K - an uncursed ring of positive energy
 N - a +4 ring of evasion (right hand)
 O - the amulet "Gujal" (around neck) {Harm *Drain rC+ rN+ Int+4}
   (You found it on level 13 of the Dungeon)

   [amulet of harm]

   It increases damage dealt and taken.
   It affects your intelligence (+4).
   It protects you from cold.
   It protects you from negative energy.
   It causes draining when unequipped.
 P - the ring "Heumel" (left hand) {rElec rF+ MP+9 Str-5}
   (You found it on level 3 of the Elven Halls)

   [ring of magical power]

   It affects your strength (-5).
   It protects you from fire.
   It insulates you from electricity.
   It affects your magic capacity (+9).
 S - the ring "Ysatok" {*Tele rElec rF+++ Str+5 Stlth-}
   (You found it on level 2 of the Depths)

   [ring of teleportation]

   It may teleport you next to monsters.
   It affects your strength (+5).
   It renders you almost immune to fire.
   It insulates you from electricity.
   It makes you less stealthy.
 U - a +5 amulet of reflection
Wands
 k - a wand of random effects (19)
Scrolls
 h - 11 scrolls of fear
 l - 6 scrolls of enchant weapon
 n - 18 scrolls of remove curse
 o - 9 scrolls of fog
 r - 22 scrolls of teleportation
 t - 7 scrolls of enchant armour
 x - 4 scrolls of brand weapon
 A - 7 scrolls of blinking
 C - 6 scrolls of identify
 W - 2 scrolls of holy word
 Y - 6 scrolls of magic mapping
Potions
 a - 8 potions of heal wounds
 b - a potion of invisibility
 d - a potion of magic
 f - 2 potions of ambrosia
 g - 8 potions of curing
 i - 12 potions of lignification
 j - 2 potions of agility
 m - a potion of haste
 p - a potion of cancellation
 z - a potion of brilliance
 D - 2 potions of mutation
 J - 5 potions of might
 L - a potion of resistance
 R - 5 potions of flight
Comestibles
 E - 43 rations


   Skills:
 O Level 27 Fighting
 O Level 27 Axes
 + Level 25.0 Armour
 + Level 26.0 Dodging
 - Level 15.0 Shields


You had 26 spell levels left.
You didn't know any spells.
Your spell library was empty.

Dungeon Overview and Level Annotations

Branches:
Dungeon (15/15)            Temple (0/1) D:5            Lair (6/6) D:9
  Swamp (4/4) Lair:4        Snake (4/4) Lair:4        Slime (5/5) Lair:5
    Orc (2/2) D:10            Elf (3/3) Orc:2        Vaults (5/5) D:13
  Crypt (0/3) Vaults:3     Depths (5/5) D:15            Zot (0/5) Depths:5

Altars:
Ashenzari
Cheibriados
Dithmenos
Gozag
Hepliaklqana
Kikubaaqudgha
Makhleb
Okawaru
Uskayaw
Vehumet
The Shining One
Beogh
Jiyva
Lugonu

Shops:
D:5 (   D:7 (}:   D:15 (   Orc:2 !:![   Elf:2 !=   Elf:3 ?   Vaults:2 }

Portals:
Hell: Depths:1 Depths:2 Depths:3 Depths:4 Depths:5
Abyss: Depths:1 Depths:2 Depths:3 Depths:4
Pandemonium: Depths:1 Depths:2 Depths:3 Depths:4 Depths:5

Annotations:
D:4 Natasha
Depths:2 Asterion


Innate Abilities, Weirdness & Mutations

You reflexively headbutt those who attack you in melee.
You have a pair of large horns on your head.
You are partially covered in slimy green scales. (AC +2)
Your mind is acute. (Int +2)
You occasionally shout uncontrollably at your foes.
Your movements are slightly less encumbered by armour. (ER -2)
[You tend to lose your temper in combat.]
[Scrolls take you longer to read.]
[You are very clumsy. (Dex -4)]
[Armour fits poorly on your strangely shaped body.]
[Your body sometimes deteriorates upon taking damage.]
[You are very dopey. (Int -4)]
[You are very frail. (-20% HP)]
[Your magical capacity is extremely low. (-30% MP)]
[You do not regenerate when monsters are visible.]
[You are often teleported next to monsters.]
[You are very weak. (Str -4)]
[Potions cannot restore your health.]
[Your spells are much easier to cast, but much less powerful.]


Message History

The smoke demon gestures at you. Something smites you!
* * * LOW HITPOINT WARNING * * *
A hell hog comes into view.
The hell hog squeals angrily.
You hear a hideous shriek!
You hit the hell hog. You freeze the hell hog.
The hell hog is lightly wounded.
The hell hog completely misses you.
You hit the hell hog. You freeze the hell hog.
The hell hog is lightly wounded.
The starcursed mass shrieks in your mind.
* * * LOW HITPOINT WARNING * * *
The hell hog bites you but does no damage.
A hell hog comes into view.
The smoke demon gestures at you. The ball of steam hits you! You resist.
* * * LOW HITPOINT WARNING * * *
The hell hog breathes fire at you.
The fireball explodes!
The fireball engulfs you! You resist.
You die...

..... #.#..#
#.#.#.###
.h.#.#.### ####
#..#..#.####..# #
#..##§.##....# .
#h§§>3# ..# §###
##§#§...X##.X# .#
#@.#..#.#####.. #
####...###. .##.
#.........###...#
# ######.#.##
#.## # #####
#..x# #. ...#. #
.###.. # ## #


You could see a hell hog.

Vanquished Creatures
  the Royal Jelly (Slime:5)
  3 ancient liches
  Mara (Vaults:4)
  Vashnia (Snake:3)
  Saint Roka (Orc:2)
  Margery (Depths:4)
  9 golden dragons
  Nikola (Snake:2)
  Jory (Depths:5)
  7 liches
  The ghost of dracos369 the Warrior, an adept NaFi of Okawaru (Vaults:2)
  4 tentacled monstrosities
  3 deep elf blademasters (Elf:3)
  10 titans
  2 deep elf master archers (Elf:3)
  24 acid blobs
  The ghost of Rudiyha the Executioner, an adept MiBe of Trog (Snake:3)
  An Executioner (Abyss:3)
  Frances (Swamp:2)
  2 tentacled starspawn (Abyss:3)
  Kirke (Snake:4)
  9 sphinxes
  6 shadow dragons
  6 thorn hunters
  3 tengu reavers
  11 storm dragons
  16 nagarajas
  14 fire giants
  11 deep elf sorcerers
  Louise (Elf:2)
  9 frost giants
  17 vault wardens
  15 azure jellies
  An iron dragon (Vaults:5)
  20 ironheart preservers
  5 draconian stormcallers (Depths:5)
  9 deep elf elementalists
  9 large abominations
  2 war gargoyles
  A draconian shifter (Abyss:3)
  5 spriggan defenders
  2 vampire knights
  29 stone giants
  9 very ugly things
  4 entropy weavers
  Nessos (Lair:6)
  5 deep elf demonologists
  A black draconian (Depths:5)
  9 deep elf annihilators
  A minotaur (Lab)
  2 red draconians (Depths:5)
  4 dire elephants
  A lorocyproca (Depths:4)
  A white draconian (Depths:5)
  3 spark wasps
  9 deep elf death magi
  17 fire dragons
  Snorg (Lair:6)
  A crystal guardian (Vaults:3)
  11 ettins
  3 merfolk impalers (Depths:5)
  Josephine (D:14)
  25 yaktaur captains
  16 great orbs of eyes
  9 death oozes
  3 jiangshi (Depths:3)
  7 deep elf high priests
  A hydra (shapeshifter) (Vaults:5)
  9 ice dragons
  22 naga warriors
  4 rakshasas
  4 spriggan air magi
  7 ghost crabs
  34 vault guards
  13 centaur warriors
  9 deep troll shamans
  2 death yaks (Lair:2)
  12 anacondas
  A satyr (shapeshifter) (Depths:5)
  3 death knights
  34 two-headed ogres
  30 hydras
  11 ogre magi
  20 dancing weapons
  A tengu warrior (Depths:4)
  14 alligators
  26 naga sharpshooters
  An orc high priest (Orc:2)
  4 thrashing horrors (Abyss:3)
  An alligator (shapeshifter) (Depths:3)
  3 spriggan berserkers
  10 deep troll earth magi
  2 vampire magi
  2 sun demons
  Nergalle (Orc:2)
  26 deep elf knights
  Urug (Lair:6)
  19 hell knights
  4 shock serpents
  A sixfirhy (Abyss:3)
  A wretched star (Abyss:3)
  A spatial maelstrom (Abyss:3)
  5 fire crabs (Lair:4)
  9 iron trolls
  2 flayed ghosts
  4 salamander mystics
  4 shadow wraiths
  4 unseen horrors
  6 spriggan druids
  6 swamp dragons (Swamp:4)
  8 wizards
  9 glowing orange brains
  33 deep trolls
  A sea snake (Snake:1)
  A shadow demon (Depths:5)
  6 naga ritualists
  11 deep elf archers
  4 phantasmal warriors
  A harpy (shapeshifter) (Vaults:5)
  5 shambling mangroves
  2 torturous demonspawn
  10 orc sorcerers
  8 necromancers
  14 harpies
  11 orc knights
  2 oklob plants (Lair:6)
  17 ironbrand convokers
  2 wolf spiders (Vaults:1)
  An orb spider (shapeshifter) (Vaults:1)
  76 deep elf magi
  3 human zombies
  6 mana vipers
  16 shining eyes
  A wolf spider zombie (Abyss:3)
  50 ugly things
  A shining eye (shapeshifter) (Depths:1)
  14 salamanders
  4 cyclopes
  A rust devil (Depths:4)
  2 manticores (D:15)
  13 elephants
  42 black mambas
  2 apocalypse crabs
  23 naga magi
  A fire giant skeleton (Vaults:2)
  11 vault sentinels
  A spiny frog (shapeshifter) (Vaults:3)
  A gargoyle (D:12)
  7 guardian serpents
  A smoke demon (Abyss:3)
  5 eyes of devastation
  An ice statue (IceCv)
  11 spiny frogs
  An efreet (Abyss:3)
  3 orange demons
  3 tormentors
  A yaktaur zombie (Vaults:2)
  8 centaur skeletons
  12 freezing wraiths
  A hellion (Abyss:3)
  4 kobold demonologists (D:12)
  9 komodo dragons
  61 yaktaurs
  3 tengu conjurers
  A hellwing (Depths:2)
  An ancient zyme (Abyss:3)
  2 ice devils (Lair:6)
  A troll (shapeshifter) (Depths:4)
  A jumping spider (Vaults:4)
  3 red devils
  25 hornets
  2 trolls
  4 blink frogs (Lair:6)
  Grinder (D:4)
  Prince Ribbit (D:5)
  12 bog bodies
  128 slime creatures
  A blink frog (shapeshifter) (Vaults:1)
  2 wind drakes (shapeshifter)
  A dream sheep (shapeshifter) (Vaults:4)
  5 polar bears (Lair:6)
  10 tyrant leeches
  5 hippogriffs
  An ettin zombie (Vaults:1)
  A frost giant simulacrum (Vaults:1)
  A dream sheep (Lair:6)
  4 raiju (Abyss:3)
  9 water elementals
  A vampire (D:11)
  24 spriggans
  5 ynoxinuls
  4 flying skulls (Abyss:2)
  3 air elementals
  4 wyverns
  3 shadows
  11 redbacks
  A tarantella (Vaults:4)
  6 wraiths
  41 yaks
  An elf zombie (Vaults:1)
  A death yak simulacrum (IceCv)
  2 neqoxecs
  4 hogs (Snake:4)
  A fire bat (Abyss:3)
  6 fire elementals
  4 hungry ghosts
  31 vampire mosquitoes
  6 chaos spawn
  8 golden eyes
  A basilisk (D:14)
  13 swamp worms
  64 nagas
  6 wargs
  Edmund (D:4)
  15 insubstantial wisps (Swamp:1)
  An acid dragon (D:14)
  21 water moccasins
  2 floating eyes
  A deep troll skeleton (Vaults:1)
  9 porcupines
  38 orc warriors
  5 black bears
  12 eyes of draining
  2 alligator simulacra (IceCv)
  10 ice beasts
  5 sky beasts
  14 swamp drakes
  A black bear (shapeshifter) (D:14)
  13 small abominations
  An eye of draining (shapeshifter) (Depths:4)
  2 phantoms
  29 wolves
  29 ogres
  13 boggarts
  27 centaurs
  A crocodile (shapeshifter) (Depths:2)
  9 crocodiles
  A big kobold (D:11)
  A bullfrog (shapeshifter) (Depths:5)
  A gnoll sergeant (D:9)
  18 bullfrogs
  A wyvern zombie (D:12)
  4 earth elementals
  A water moccasin zombie (D:6)
  A wyvern skeleton (D:8)
  3 scorpions
  4 killer bees (D:12)
  9 wights
  2 howler monkeys
  4 electric eels (Lair:5)
  8 crimson imps
  2 centaur zombies
  6 draconian simulacra (IceCv)
  12 hounds
  52 orc wizards
  6 jellies
  6 quasits
  4 bullfrog skeletons
  19 orc priests
  5 iron imps
  Terence (D:2)
  Natasha (D:4)
  4 spriggan simulacra (IceCv)
  6 iguanas
  A polar bear simulacrum (IceCv)
  10 worker ants
  3 troll simulacra (IceCv)
  2 hound skeletons
  A hound zombie (D:9)
  17 gnolls
  10 adders
  4 naga simulacra (IceCv)
  3 ogre simulacra (IceCv)
  4 shadow imps
  13 white imps
  2 ufetubi
  An ooze (D:2)
  An adder skeleton (D:5)
  4 worms
  A dart slug (D:2)
  6 leopard geckos
  114 orcs
  6 ball pythons
  5 giant cockroaches
  A goblin (D:2)
  6 hobgoblins
  24 jackals
  4 quokkas
  9 bats
  8 frilled lizards
  A jackal skeleton (D:8)
  9 kobolds
  A leopard gecko skeleton (D:4)
  A leopard gecko zombie (D:5)
  A quokka skeleton (D:5)
  7 rats
  6 briar patches (Swamp:1)
  A crawling corpse (Elf:3)
  2 demonic plants (D:12)
  3 fungi
  14 plants
  2 starspawn tentacles (Abyss:3)
2564 creatures vanquished.

Vanquished Creatures (collateral kills)
  2 entropy weavers (Lair:4)
  A deep elf annihilator (Elf:3)
  A yaktaur captain (Vaults:3)
  8 death yaks
  A large abomination (Elf:3)
  A yaktaur (shapeshifter) (Vaults:3)
  A warg (Orc:2)
  A soldier ant (shapeshifter) (Vaults:3)
  An orc warrior (Orc:2)
  2 crocodiles
  2 electric eels (Lair:1)
  An orc priest (D:8)
  2 orc wizards (D:8)
  An orc (D:8)
25 creatures vanquished.

Vanquished Creatures (others)
  A fire giant (Depths:3)
  A vault warden (Vaults:3)
  An entropy weaver (Lair:4)
  Erolcha (D:9)
  2 hydras (Swamp:4)
  A dancing weapon (Elf:2)
  A deep elf knight (Elf:3)
  A spatial maelstrom (Abyss:3)
  A deep elf mage (Vaults:5)
  A harpy (Vaults:2)
  2 yaktaurs (Depths:1)
  A smoke demon (Abyss:3)
  A slime creature (Slime:2)
  2 spriggans (Swamp:4)
  A vampire (D:11)
  A golden eye (Slime:3)
  A naga (Snake:2)
  2 boggarts
  A white imp (Abyss:3)
  10 fungi
  3 lurking horrors (Abyss:3)
  56 plants
  4 starspawn tentacles (Abyss:3)
96 creatures vanquished.

Grand Total: 2685 creatures vanquished

Notes
Turn   | Place    | Note
-------+----------+-------------------------------------------
     0 | D:1      | Napalmbreeze the Minotaur Berserker began the quest for the
                  | Orb.
     0 | D:1      | Reached XP level 1. HP: 19/19 MP: 0/0
   494 | D:2      | Reached XP level 2. HP: 18/27 MP: 1/1
   537 | D:2      | Noticed an ogre
   553 | D:2      | Killed an ogre
   553 | D:2      | Reached XP level 3. HP: 34/34 MP: 2/2
   553 | D:2      | Reached XP level 4. HP: 41/41 MP: 3/3
   716 | D:2      | Noticed Terence
   723 | D:2      | Killed Terence
   799 | D:2      | Reached ** piety under Trog
   799 | D:2      | Reached XP level 5. HP: 40/47 MP: 4/4
  1925 | D:4      | Found an opulent altar of Gozag.
  1994 | D:4      | Reached skill level 5 in Armour
  2077 | D:4      | Reached skill level 5 in Axes
  2077 | D:4      | Reached XP level 6. HP: 43/55 MP: 5/5
  2183 | D:4      | Noticed Natasha
  2188 | D:4      | Killed Natasha
  2188 | D:4      | Reached skill level 5 in Fighting
  2240 | D:4      | Noticed Natasha
  2843 | D:4      | Reached *** piety under Trog
  2906 | D:4      | Noticed Grinder
  2922 | D:4      | Killed Grinder
  2922 | D:4      | Reached XP level 7. HP: 44/61 MP: 6/6
  3017 | D:4      | Noticed Edmund
  3030 | D:4      | Killed Edmund
  3348 | D:5      | Entered Level 5 of the Dungeon
  3361 | D:5      | Reached skill level 5 in Dodging
  3361 | D:5      | Reached XP level 8. HP: 70/70 MP: 7/7
  3418 | D:5      | Found a staircase to the Ecumenical Temple.
  3475 | D:5      | Noticed Prince Ribbit
  3481 | D:5      | Killed Prince Ribbit
  3719 | D:5      | Found Edgheafilo's Antique Weapon Emporium.
  3790 | D:5      | Found a burning altar of Makhleb.
  4715 | D:6      | Reached **** piety under Trog
  5020 | D:6      | Reached XP level 9. HP: 73/79 MP: 8/8
  5172 | D:6      | Found an iron altar of Okawaru.
  5261 | D:6      | Found a snail-covered altar of Cheibriados.
  5505 | D:7      | Found a shadowy altar of Dithmenos.
  5566 | D:7      | Found Oczy's Weapon Shoppe.
  5715 | D:7      | Found Dunext's Gadget Boutique.
  5843 | D:7      | Found Goclekug's Book Shoppe.
  6095 | D:7      | Found a hide-covered altar of Uskayaw.
  6254 | D:7      | Gained mutation: [You are frail. (-10% HP)] [potion of
                  | mutation]
  6254 | D:7      | Gained mutation: You are covered in fur. (AC +1) [potion of
                  | mutation]
  6597 | D:8      | Reached skill level 10 in Armour
  6704 | D:8      | Found a shattered altar of Ashenzari.
  6809 | D:8      | Found a glowing golden altar of the Shining One.
  6837 | D:8      | Found a runed door.
  6850 | D:8      | Reached ***** piety under Trog
  6872 | D:8      | Reached XP level 10. HP: 81/81 MP: 9/9
  7139 | D:8      | Found a roughly hewn altar of Beogh.
  7410 | D:9      | Noticed a two-headed ogre
  7414 | D:9      | Killed a two-headed ogre
  7466 | D:9      | Found a staircase to the Lair.
  7475 | D:9      | Reached skill level 10 in Fighting
  7686 | D:9      | Reached skill level 10 in Axes
  7756 | D:9      | Noticed Erolcha
  7774 | D:9      | Killed Erolcha
  8133 | D:9      | Found an ancient bone altar of Kikubaaqudgha.
  8501 | D:9      | Reached XP level 11. HP: 99/99 MP: 10/10
  8624 | D:9      | Found a hazy altar of Hepliaklqana.
  8710 | D:10     | Entered Level 10 of the Dungeon
  8857 | D:10     | Noticed a two-headed ogre
  8867 | D:10     | Killed a two-headed ogre
  8867 | D:10     | Reached XP level 12. HP: 105/105 MP: 11/11
  9302 | D:10     | Found a staircase to the Orcish Mines.
  9612 | Lair:1   | Entered Level 1 of the Lair of Beasts
 10197 | Lair:1   | Noticed a death yak
 10197 | Lair:1   | Noticed a death yak
 10197 | Lair:1   | Noticed a death yak
 10197 | Lair:1   | Noticed a death yak
 10197 | Lair:1   | Noticed a death yak
 10197 | Lair:1   | Noticed a death yak
 10206 | Lair:1   | Killed a death yak
 10206 | Lair:1   | Received a gift from Trog
 10212 | Lair:1   | Killed a death yak
 10212 | Lair:1   | Reached skill level 10 in Dodging
 10213 | Lair:1   | Killed a death yak
 10214 | Lair:1   | Killed a death yak
 10215 | Lair:1   | Killed a death yak
 10217 | Lair:1   | Killed a death yak
 11326 | Lair:2   | Lost mutation: [You are frail. (-10% HP)] [potion of
                  | mutation]
 11326 | Lair:2   | Lost mutation: You are covered in fur. (AC +1) [potion of
                  | mutation]
 11326 | Lair:2   | Gained mutation: [Your body sometimes deteriorates upon
                  | taking damage.] [potion of mutation]
 11326 | Lair:2   | Gained mutation: You are partially covered in slimy green
                  | scales. (AC +2) [potion of mutation]
 11326 | Lair:2   | Gained mutation: You are partially covered in yellow
                  | scales. (AC +2) [potion of mutation]
 11402 | Lair:2   | Noticed a death yak
 11402 | Lair:2   | Noticed a death yak
 11403 | Lair:2   | Noticed a death yak
 11403 | Lair:2   | Noticed a death yak
 11408 | Lair:2   | Killed a death yak
 11410 | Lair:2   | Killed a death yak
 11412 | Lair:2   | Killed a death yak
 11412 | Lair:2   | Reached skill level 15 in Fighting
 11416 | Lair:2   | Killed a death yak
 11965 | Lair:2   | Noticed an eight-headed hydra
 11987 | Lair:2   | Killed a ten-headed hydra
 12505 | Lair:3   | Reached XP level 13. HP: 127/127 MP: 4/12
 12701 | Lair:3   | Identified a scroll of acquirement
 12704 | Lair:3   | Found the +15 Maxwell's patent armour {-Cast -Tele rElec
                  | MR+ rCorr}
 13723 | Lair:4   | Reached skill level 15 in Axes
 13863 | Lair:4   | Found a staircase to the Snake Pit.
 13958 | Lair:4   | Found a staircase to the Swamp.
 14525 | Lair:4   | Found a runed door.
 14743 | Lair:4   | Noticed an entropy weaver
 14750 | Lair:4   | Killed an entropy weaver
 14781 | Lair:4   | Noticed an entropy weaver
 14805 | Lair:4   | Killed an entropy weaver
 15104 | Lair:4   | Noticed an entropy weaver
 15119 | Lair:4   | Killed an entropy weaver
 15430 | Lair:4   | Noticed an entropy weaver
 15452 | Lair:4   | Killed an entropy weaver
 15527 | Lair:4   | Noticed an entropy weaver
 15543 | Lair:4   | Killed an entropy weaver
 16220 | Lair:5   | Found a viscous altar of Jiyva.
 16221 | Lair:5   | Found a staircase to the Slime Pits.
 16366 | Lair:5   | Reached XP level 14. HP: 91/137 MP: 4/13
 16973 | Lair:6   | Entered Level 6 of the Lair of Beasts
 17066 | Lair:6   | Noticed Nessos
 17080 | Lair:6   | Killed Nessos
 17102 | Lair:6   | Found a frozen archway.
 17221 | IceCv    | Entered an ice cave
 18416 | IceCv    | Found an ancient bone altar of Kikubaaqudgha.
 18937 | IceCv    | Received a gift from Trog
 19657 | Lair:6   | Found a shattered altar of Ashenzari.
 19945 | Lair:6   | Noticed Snorg
 19954 | Lair:6   | Killed Snorg
 20202 | Lair:6   | Noticed Urug
 20234 | Lair:6   | Killed Urug
 21596 | D:11     | Received a gift from Trog
 21661 | D:12     | Found a corrupted altar of Lugonu.
 21829 | D:12     | Reached XP level 15. HP: 144/147 MP: 4/14
 22399 | D:13     | Found a labyrinth entrance.
 22403 | Lab      | Entered a labyrinth
 22932 | D:13     | Found a gate to the Vaults.
 22993 | D:13     | Received a gift from Trog
 23423 | D:13     | Found a runed door.
 23424 | D:13     | Noticed a fire giant
 23438 | D:13     | Killed a fire giant
 23453 | D:13     | Got a pitted copper amulet
 23454 | D:13     | Identified the amulet "Gujal" {Harm *Drain rC+ rN+ Int+4}
                  | (You found it on level 13 of the Dungeon)
 23649 | D:14     | Noticed Josephine
 23659 | D:14     | Killed Josephine
 23714 | D:14     | Received a gift from Trog
 23844 | D:14     | Received a gift from Trog
 23949 | D:14     | Found a portal to a secret trove of treasure.
 24008 | D:14     | Found a radiant altar of Vehumet.
 24536 | D:15     | Entered Level 15 of the Dungeon
 24820 | D:15     | Found a snail-covered altar of Cheibriados.
 25172 | D:15     | Found Ihesujol's Antique Weapon Shoppe.
 25192 | D:15     | Bought a fine battleaxe for 368 gold pieces
 25192 | D:15     | Identified the +6 battleaxe "Mucs" {speed, *Corrode rElec
                  | rPois Int+4} (You bought it in a shop on level 15 of the
                  | Dungeon)
 25353 | D:15     | Reached ****** piety under Trog
 25521 | D:15     | Found a staircase to the Depths.
 25818 | Orc:1    | Entered Level 1 of the Orcish Mines
 25822 | Orc:1    | Received a gift from Trog
 26219 | Orc:2    | Entered Level 2 of the Orcish Mines
 26427 | Orc:2    | Found a staircase to the Elven Halls.
 26483 | Orc:2    | Reached XP level 16. HP: 157/157 MP: 5/15
 26821 | Orc:2    | Received a gift from Trog
 26925 | Orc:2    | Found Nuyxit's Distillery.
 26929 | Orc:2    | Gained mutation: [You tend to lose your temper in combat.]
                  | [a neqoxec]
 26948 | Orc:2    | Bought a potion of mutation for 120 gold pieces
 26948 | Orc:2    | Lost mutation: [You tend to lose your temper in combat.]
                  | [potion of mutation]
 26948 | Orc:2    | Lost mutation: [Your body sometimes deteriorates upon
                  | taking damage.] [potion of mutation]
 26948 | Orc:2    | Lost mutation: You are partially covered in yellow scales.
                  | (AC +2) [potion of mutation]
 26948 | Orc:2    | Gained mutation: You are agile. (Dex +2) [potion of
                  | mutation]
 26948 | Orc:2    | Gained mutation: You have supernaturally acute eyesight.
                  | (SInv) [potion of mutation]
 26962 | Orc:2    | Found an ancient bone altar of Kikubaaqudgha.
 26962 | Orc:2    | Noticed Nergalle
 26973 | Orc:2    | Killed Nergalle
 26976 | Orc:2    | Found Xeefaytt's Book Shop.
 27360 | Orc:2    | Found a radiant altar of Vehumet.
 27393 | Orc:2    | Noticed Saint Roka
 27617 | Orc:2    | Paralysed by an orc sorcerer for 4 turns
 27638 | Orc:2    | Killed Saint Roka
 27672 | Orc:2    | Found a roughly hewn altar of Beogh.
 27714 | Orc:2    | Found Ziaxtad's Antique Armour Boutique.
 27718 | Orc:2    | Found Ecruylich's Distillery.
 27733 | Orc:2    | Bought a potion of might for 56 gold pieces
 27733 | Orc:2    | Bought a potion of resistance for 140 gold pieces
 27733 | Orc:2    | Bought 2 potions of curing for 84 gold pieces
 28253 | Swamp:1  | Entered Level 1 of the Swamp
 28266 | Swamp:1  | Received a gift from Trog
 28919 | Swamp:1  | Received a gift from Trog
 28929 | Swamp:1  | Noticed a thorn hunter
 28937 | Swamp:1  | Killed a thorn hunter
 28957 | Swamp:1  | Noticed a thorn hunter
 28967 | Swamp:1  | Killed a thorn hunter
 29775 | Swamp:1  | Paralysed by a hornet for 1 turns
 30140 | Swamp:2  | Paralysed by a hornet for 1 turns
 30183 | Swamp:2  | Noticed Frances
 30601 | Swamp:2  | Killed Frances
 30723 | Swamp:2  | Reached skill level 15 in Dodging
 31605 | Swamp:2  | Reached skill level 15 in Armour
 31758 | Swamp:3  | Noticed a thorn hunter
 31772 | Swamp:3  | Killed a thorn hunter
 31957 | Swamp:3  | Received a gift from Trog
 31966 | Swamp:3  | Got a pitted battleaxe {god gift}
 31968 | Swamp:3  | Identified the +8 battleaxe "Naleqem" {antimagic, Int+4}
                  | (Trog gifted it to you on level 3 of the Swamp)
 32568 | Swamp:3  | Noticed a thorn hunter
 32582 | Swamp:3  | Killed a thorn hunter
 32582 | Swamp:3  | Reached XP level 17. HP: 166/166 MP: 5/16
 32895 | Swamp:4  | Entered Level 4 of the Swamp
 33624 | Swamp:4  | Received a gift from Trog
 33630 | Swamp:4  | Got a smoking great sword {god gift}
 33631 | Swamp:4  | Identified the +9 great sword "Neakury" {slice, Int+6 SInv}
                  | (Trog gifted it to you on level 4 of the Swamp)
 34509 | Swamp:4  | Got a decaying rune of Zot
 35531 | Snake:1  | Entered Level 1 of the Snake Pit
 35650 | Snake:1  | Found a runed gate.
 35650 | Snake:1  | Found a runed gate.
 35650 | Snake:1  | Found a runed gate.
 36340 | Snake:1  | Received a gift from Trog
 36341 | Snake:1  | Found the +14 obsidian axe {chop, +Fly SInv *Curse}
 36915 | Snake:2  | Reached XP level 18. HP: 178/178 MP: 5/17
 37373 | Snake:2  | Noticed Nikola
 37396 | Snake:2  | Killed Nikola
 37536 | Snake:2  | Received a gift from Trog
 38465 | Snake:3  | Noticed Vashnia
 38495 | Snake:3  | Killed Vashnia
 39757 | Snake:3  | Found a runed door.
 39758 | Snake:3  | Noticed Rudiyha's ghost (adept MiBe)
 39771 | Snake:3  | Killed Rudiyha's ghost
 40901 | Snake:4  | Entered Level 4 of the Snake Pit
 41257 | Snake:4  | Noticed Kirke
 41323 | Snake:4  | Killed Kirke
 42259 | Snake:4  | Reached XP level 19. HP: 140/187 MP: 6/18
 42786 | Snake:4  | Got a serpentine rune of Zot
 42898 | Snake:4  | Received a gift from Trog
 43957 | Vaults:1 | Entered Level 1 of the Vaults
 44043 | Vaults:1 | Found a magical portal.
 44060 | Vaults:1 | Received a gift from Trog
 44115 | WizLab   | Entered Doroklohe's Tomb
 45088 | Vaults:1 | Received a gift from Trog
 45089 | Vaults:1 | Found the +3 sling "Punk" {acid, rCorr}
 45807 | Vaults:2 | Reached XP level 20. HP: 198/198 MP: 6/19
 46290 | Vaults:2 | Found Voyt's Gadget Emporium.
 46593 | Vaults:2 | Received a gift from Trog
 47106 | Vaults:2 | Noticed dracos369's ghost (adept NaFi)
 47107 | Vaults:2 | Found a runed door.
 47137 | Vaults:2 | Killed dracos369's ghost
 48230 | Vaults:3 | Received a gift from Trog
 48859 | Vaults:3 | Found a staircase to the Crypt.
 49157 | Vaults:3 | Reached XP level 21. HP: 201/207 MP: 6/20
 49576 | Vaults:4 | Received a gift from Trog
 49891 | Vaults:4 | Noticed Mara
 49892 | Vaults:4 | Noticed Napalmbreeze's illusion
 50143 | Vaults:4 | Killed Mara
 50943 | Vaults:4 | Received a gift from Trog
 50946 | Vaults:4 | Got a jewelled executioner's axe {god gift}
 50947 | Vaults:4 | Identified the +6 executioner's axe "Antuh" {chop, *Noise
                  | rElec rPois Int+2} (Trog gifted it to you on level 4 of the
                  | Vaults)
 51442 | Vaults:5 | Entered Level 5 of the Vaults
 51442 | Vaults:5 | Noticed a golden dragon
 51661 | Vaults:4 | Killed a golden dragon
 52001 | Vaults:5 | Noticed a golden dragon
 52006 | Vaults:5 | Noticed an ancient lich
 52014 | Vaults:4 | Reached XP level 22. HP: 170/220 MP: 7/21
 52355 | Vaults:4 | Killed a golden dragon
 52360 | Vaults:5 | Noticed an ancient lich
 52380 | Vaults:4 | Received a gift from Trog
 52635 | Vaults:4 | Killed an ancient lich
 52713 | Vaults:5 | Noticed a golden dragon
 52826 | Vaults:5 | Noticed a golden dragon
 52835 | Vaults:4 | Killed an ancient lich
 53300 | Vaults:5 | Noticed a golden dragon
 53303 | Vaults:5 | Killed a golden dragon
 53308 | Vaults:5 | Killed a golden dragon
 53364 | Vaults:4 | Received a gift from Trog
 53635 | Vaults:5 | Killed a golden dragon
 53953 | Vaults:5 | Received a gift from Trog
 54260 | Vaults:5 | Noticed a golden dragon
 54270 | Vaults:5 | Killed a golden dragon
 54379 | Vaults:5 | Reached XP level 23. HP: 183/234 MP: 7/22
 55056 | Vaults:5 | Got a vibrating pewter ring
 55174 | Vaults:4 | Identified the ring "Qeuroibb" {Ice Int+2 SInv} (You took
                  | it off an ironbrand convoker on level 5 of the Vaults)
 55189 | Vaults:5 | Got a bone trident {flame}
 55189 | Vaults:5 | Got a heavily runed shield
 55190 | Vaults:5 | Identified the +11 trident of Dithmenos's Hatred {flame,
                  | rElec rPois Dex-5} (You took it off an ironbrand convoker
                  | on level 5 of the Vaults)
 55191 | Vaults:5 | Identified the +4 shield of Duck's Teeth {rF+ rN++ Int-2
                  | Stlth+} (You took it off an ironbrand convoker on level 5
                  | of the Vaults)
 55266 | Vaults:5 | Got a silver rune of Zot
 55613 | Vaults:5 | Reached skill level 1 in Shields
 56192 | Elf:1    | Entered Level 1 of the Elven Halls
 56249 | Elf:1    | Received a gift from Trog
 56636 | Elf:1    | Reached skill level 5 in Shields
 56786 | Elf:1    | Gained mutation: [Your magical capacity is low. (-10% MP)]
                  | [a neqoxec]
 56897 | Elf:1    | Received a gift from Trog
 57398 | Elf:2    | Found the +5 scythe "Finisher" {speed, Str+3}
 57427 | Elf:2    | Reached skill level 10 in Shields
 57520 | Elf:2    | Found Igyad's Jewellery Shop.
 57520 | Elf:2    | Found Odooth's Distillery.
 57529 | Elf:2    | Bought 2 potions of resistance for 340 gold pieces
 57616 | Elf:2    | Found a runed gate.
 57616 | Elf:2    | Found a runed gate.
 57628 | Elf:2    | Found a runed gate.
 57816 | Elf:2    | Noticed Louise
 57833 | Elf:2    | Killed Louise
 57833 | Elf:2    | Received a gift from Trog
 58355 | Elf:3    | Entered Level 3 of the Elven Halls
 58814 | Elf:3    | Found Giuwag's Magic Scroll Shop.
 58817 | Elf:3    | Bought a scroll of enchant armour for 135 gold pieces
 58817 | Elf:3    | Bought a scroll of magic mapping for 63 gold pieces
 58817 | Elf:3    | Bought a scroll of magic mapping for 63 gold pieces
 58817 | Elf:3    | Bought a scroll of magic mapping for 63 gold pieces
 58817 | Elf:3    | Bought a scroll of fear for 63 gold pieces
 59195 | Elf:3    | Received a gift from Trog
 59546 | Elf:3    | Reached skill level 15 in Shields
 60058 | Elf:3    | Reached XP level 24. HP: 236/245 MP: 6/19
 60232 | Elf:3    | Received a gift from Trog
 60234 | Elf:3    | Found the +8 frozen axe "Frostbite" {freezing cloud, *Noise
                  | +Fly rC+}
 60268 | Elf:3    | Got a wavering ivory ring
 60269 | Elf:3    | Identified the ring "Luf Guok" {MP+9 Int+6} (You found it
                  | on level 3 of the Elven Halls)
 60273 | Elf:3    | Got a crude silver ring
 60274 | Elf:3    | Identified the ring "Heumel" {rElec rF+ MP+9 Str-5} (You
                  | found it on level 3 of the Elven Halls)
 60380 | Elf:3    | Got a pair of fine boots
 60391 | Elf:3    | Identified the +2 pair of boots of Hairiness {rElec} (You
                  | found it on level 3 of the Elven Halls)
 61103 | Slime:1  | Entered Level 1 of the Pits of Slime
 61269 | Slime:1  | Gained mutation: [You are frail. (-10% HP)] [a shining eye]
 61270 | Slime:1  | Gained mutation: [You are very frail. (-20% HP)] [a shining
                  | eye]
 62010 | Slime:3  | Received a gift from Trog
 62071 | Slime:3  | Gained mutation: [You are weak. (Str -2)] [a shining eye]
 62146 | Slime:3  | Gained mutation: [Armour fits poorly on your strangely
                  | shaped body.] [a shining eye]
 62362 | Slime:3  | Lost mutation: You are agile. (Dex +2) [a shining eye]
 62372 | Slime:3  | Lost mutation: [You are weak. (Str -2)] [a shining eye]
 62373 | Slime:3  | Gained mutation: [You do not regenerate when monsters are
                  | visible.] [a shining eye]
 62652 | Slime:5  | Entered Level 5 of the Pits of Slime
 62664 | Slime:5  | Paralysed by a floating eye for 2 turns
 62666 | Slime:5  | Reached skill level 27 in Fighting
 62870 | Slime:5  | Received a gift from Trog
 62949 | Slime:5  | Found a viscous altar of Jiyva.
 62977 | Slime:5  | Gained mutation: [You are extremely frail. (-30% HP)] [a
                  | shining eye]
 62988 | Slime:5  | Gained mutation: [You are weak. (Str -2)] [a shining eye]
 62991 | Slime:5  | Gained mutation: [Your magical capacity is very low. (-20%
                  | MP)] [a shining eye]
 62993 | Slime:5  | Gained mutation: [You are occasionally teleported next to
                  | monsters.] [a shining eye]
 63190 | Slime:5  | Gained mutation: [You are dopey. (Int -2)] [a shining eye]
 63193 | Slime:5  | Gained mutation: You occasionally shout uncontrollably at
                  | your foes. [a shining eye]
 63197 | Slime:5  | Gained mutation: [Your magical capacity is extremely low.
                  | (-30% MP)] [a shining eye]
 63198 | Slime:5  | Gained mutation: [You are clumsy. (Dex -2)] [a shining eye]
 63200 | Slime:5  | Gained mutation: You sometimes yell uncontrollably at your
                  | foes. [a shining eye]
 63245 | Slime:5  | Noticed the Royal Jelly
 63259 | Slime:5  | Killed the Royal Jelly
 63329 | Slime:5  | Got a smoking marble ring
 63348 | Slime:5  | Got a slimy rune of Zot
 63468 | Lair:5   | Lost mutation: [Your magical capacity is extremely low.
                  | (-30% MP)] [potion of mutation]
 63468 | Lair:5   | Lost mutation: [You are clumsy. (Dex -2)] [potion of
                  | mutation]
 63468 | Lair:5   | Lost mutation: [Armour fits poorly on your strangely shaped
                  | body.] [potion of mutation]
 63468 | Lair:5   | Lost mutation: [You do not regenerate when monsters are
                  | visible.] [potion of mutation]
 63469 | Lair:5   | Lost mutation: [You are extremely frail. (-30% HP)] [potion
                  | of mutation]
 63469 | Lair:5   | Lost mutation: [You are weak. (Str -2)] [potion of
                  | mutation]
 63469 | Lair:5   | Lost mutation: You sometimes yell uncontrollably at your
                  | foes. [potion of mutation]
 63469 | Lair:5   | Lost mutation: [You are dopey. (Int -2)] [potion of
                  | mutation]
 63469 | Lair:5   | Lost mutation: You have supernaturally acute eyesight.
                  | (SInv) [potion of mutation]
 63469 | Lair:5   | Gained mutation: Your movements are slightly less
                  | encumbered by armour. (ER -2) [potion of mutation]
 63470 | Lair:5   | Lost mutation: [Your magical capacity is very low. (-20%
                  | MP)] [potion of mutation]
 63470 | Lair:5   | Lost mutation: [Your magical capacity is low. (-10% MP)]
                  | [potion of mutation]
 63470 | Lair:5   | Lost mutation: [You are occasionally teleported next to
                  | monsters.] [potion of mutation]
 63470 | Lair:5   | Lost mutation: [You are very frail. (-20% HP)] [potion of
                  | mutation]
 63470 | Lair:5   | Gained mutation: Your mind is acute. (Int +2) [potion of
                  | mutation]
 63470 | Lair:5   | Gained mutation: [Your magical capacity is low. (-10% MP)]
                  | [potion of mutation]
 63470 | Lair:5   | Gained mutation: You have a pair of large horns on your
                  | head. [potion of mutation]
 63502 | Lair:5   | Identified the ring "Zuek" {rPois MP+9 Str-4 Int+9 Dex+4}
                  | (You found it on level 5 of the Pits of Slime)
 63618 | Lair:5   | Identified a +0 pair of boots of running (You acquired it
                  | on level 5 of the Lair of Beasts)
 63932 | D:14     | You paid a toll of +2 storm dragon scales to enter a
                  | treasure trove
 63933 | Trove    | Entered a treasure trove
 63944 | Trove    | Got a clouded bone amulet
 63947 | Trove    | Identified the amulet "Mulymatesch" {RegenMP rC+} (You
                  | found it in a treasure trove)
 63954 | Trove    | Got brightly glowing gold dragon scales
 63958 | Trove    | Identified the +1 gold dragon scales "Waqooxtamn" {-Tele
                  | rPois rF+ rC+ Int+5} (You found it in a treasure trove)
 64090 | Depths:1 | Entered Level 1 of the Depths
 65246 | Depths:1 | Found a one-way gate to the infinite horrors of the Abyss.
 65269 | Depths:1 | Received a gift from Trog
 65310 | Depths:1 | Reached XP level 25. HP: 231/231 MP: 19/19
 65329 | Depths:1 | Found a runed door.
 66220 | Depths:1 | Found a gateway to Hell.
 66332 | Depths:1 | Found a one-way gate leading to the halls of Pandemonium.
 66727 | Depths:2 | Found a gateway to a ziggurat.
 66731 | Depths:1 | Received a gift from Trog
 66832 | Depths:2 | Received a gift from Trog
 67204 | Depths:2 | Noticed Asterion
 67488 | Depths:2 | Found a transporter.
 67528 | Depths:2 | Received a gift from Trog
 67781 | Depths:2 | Got a fine amber ring
 67790 | Depths:2 | Identified the ring "Ysatok" {*Tele rElec rF+++ Str+5
                  | Stlth-} (You found it on level 2 of the Depths)
 67794 | Depths:2 | Found a transporter.
 68185 | Depths:3 | Received a gift from Trog
 68592 | Depths:3 | Reached XP level 26. HP: 108/239 MP: 19/19
 68634 | Depths:3 | Received a gift from Trog
 69769 | Depths:4 | Reached skill level 27 in Axes
 69790 | Depths:4 | Noticed Margery
 69815 | Depths:4 | Killed Margery
 70484 | Depths:4 | Noticed an ancient lich
 70510 | Depths:4 | Killed an ancient lich
 70810 | Depths:4 | Received a gift from Trog
 70821 | Depths:4 | Identified the Almanac of Battle Magic
 70894 | Depths:5 | Entered Level 5 of the Depths
 70914 | Depths:5 | Noticed Jory
 70923 | Depths:5 | Killed Jory
 71420 | Depths:5 | Found a gate to the Realm of Zot.
 72730 | Depths:4 | Voluntarily entered the Abyss.
 72812 | Abyss:1  | Received a gift from Trog
 73252 | Abyss:3  | Found an ancient bone altar of Kikubaaqudgha.
 73363 | Abyss:3  | Found an ancient bone altar of Kikubaaqudgha.
 73441 | Abyss:3  | Found a huge runed gate.
 73442 | Abyss:3  | Found a huge runed gate.
 73443 | Abyss:3  | Found a huge runed gate.
 73444 | Abyss:3  | Found a huge runed gate.
 73445 | Abyss:3  | Found a huge runed gate.
 73457 | Abyss:3  | Found a huge runed gate.
 73457 | Abyss:3  | Found a huge runed gate.
 73461 | Abyss:3  | Found a large runed door.
 73465 | Abyss:3  | Found a huge runed gate.
 73465 | Abyss:3  | Found a large runed door.
 73466 | Abyss:3  | Found a huge runed gate.
 73467 | Abyss:3  | Found a huge runed gate.
 73468 | Abyss:3  | Found a huge runed gate.
 73472 | Abyss:3  | Found a huge runed gate.
 73474 | Abyss:3  | Found a corrupted altar of Lugonu.
 73486 | Abyss:3  | Found a huge runed gate.
 73486 | Abyss:3  | Found a huge runed gate.
 73486 | Abyss:3  | Found a huge runed gate.
 73486 | Abyss:3  | Reached XP level 27. HP: 191/191 MP: 19/19
 73486 | Abyss:3  | Found a huge runed gate.
 73486 | Abyss:3  | Found a huge runed gate.
 73488 | Abyss:3  | Found a large runed door.
 73488 | Abyss:3  | Found a large runed door.
 73687 | Abyss:3  | Found a stormy altar of Qazlal.
 74097 | Abyss:4  | HP: 10/218 [starcursed mass/accursed screaming (9)]
 74099 | Abyss:4  | Killed from afar by a hell hog

Vault maps used:
D:1:      lemuel_arrival_rhombus, hangedman_decor_push, minmay_tetromino_s2
D:2:      item_on_display_a, uniq_terence
D:3:      first_ration
D:4:      nicolae_gozag_cash_rules_everything_around_me, serial_bayou,
          serial_bayou_shore_b, serial_bayou_lagoon_b, serial_bayou_pond_e,
          serial_bayou_ford_a, uniq_grinder, uniq_edmund, uniq_natasha
D:5:      bloody_makhleb, minmay_temple_entry_trees, serial_shops,
          nicolae_shop_statue_plus, uniq_prince_ribbit1
D:6:      lemuel_round_altar, overflow_temple_1_default
D:7:      old_standard_altar, nicolae_overflow_crystal_walls, serial_shops,
          shop_statue, shop, nicolae_shop_stone, the_bakery
D:8:      ashenzari_altar_1, kennysheep_mini, lightli_church_of_beogh
D:9:      lemuel_crystal_altar, nicolae_overflow_hidden_temple,
          david_lair_shrubbed, uniq_erolcha
D:10:     orc_0_dummy
D:11:     minmay_bloctagon_deflated
D:12:     kennysheep_kobold_lugonu_temple, minmay_radiant
D:13:     lightli_vaults_fourway_checkpoint, lab_entry_generic,
          kennysheep_treasure_room
D:14:     nicolae_trove_entry_free_sample, basic_altar, minmay_misc_feat_alley,
          uniq_josephine
D:15:     hangedman_depths_entry_try_elsewhere_first, cheibriados_altar_1,
          serial_shops, nicolae_shop_behind_doors
Lair:1:   dpeg_stationary_puzzle
Lair:2:   hibernation_bobbens, infiniplex_staircase_pool_2
Lair:4:   gammafunk_mikee_crab_dinner, swamp_mist, guppyfry_snake_entry_garden
Lair:5:   slime_altar_1, serial_bayou_lake_a, grunt_megastairs_3
Lair:6:   minmay_lair_end_enchanted_forest, portal_ice_cave_demonic_guard,
          nicolae_lair_grove_arrangements, lemuel_oklob_altar,
          infiniplex_staircase_pool, grunt_megastairs_2, uniq_urug, uniq_snorg,
          uniq_nessos
Swamp:1:  hangedman_swamp_blocks
Swamp:2:  evilmike_swamp_ruin_house_4, uniq_frances
Swamp:3:  nicolae_swamp_orc_logging_accident, swamp_pool3, grunt_witch_cave
Swamp:4:  swamp_basic_johnstein
Snake:1:  nicolae_snake_horde_hoard
Snake:2:  uniq_nikola
Snake:3:  ebering_ghost_reflecting_pool, uniq_vashnia
Snake:4:  grunt_snake_rune_spirals, st_stairs_12, lemuel_fruit_tree, uniq_kirke
Slime:3:  cheibrodos_slime_lost_civilization_9, nicolae_slime_barrier
Orc:2:    kennysheep_orc_mage_school, uniq_saint_roka
Elf:1:    kennysheep_underground_church
Elf:2:    spider_trap, moated_statue, minmay_shoptagon, basic_stair_grate_trap,
          uniq_louise
Elf:3:    minmay_elf_hall_four_x, serial_shops, nicolae_shop_statue_plus
Vaults:1: hangedman_vaults_river_flow, vaults_standard_mumra_x,
          grunt_vaults_trifunnel, grunt_vaults_twisty, nicolae_vaults_network_s,
          nicolae_vaults_network_square, vaults_room_pools, mu_enter_wizlab_6
Vaults:2: ebering_vaults_ghost_inner_flame, v_misc_26,
          ontoclasm_vaults_misaligned, nicolae_vaults_yaktaur_gun_rack,
          vaults_room_fancy_cross, nicolae_vaults_triangles, v_misc_26,
          nicolae_vaults_three_branches, nicolae_vaults_circle_grid_b,
          grunt_vaults_swirl, vaults_mumra_chevron, v_misc_19,
          nicolae_vaults_shelves_hall, st_lines, serial_shops, shop
Vaults:3: ontoclasm_vaults_shuriken, v_rooms_4, dpeg_vaults_monster_row,
          nicolae_vaults_shelves_hall, blue_anna_dwarven_crypt,
          nicolae_vaults_sealed_display, nicolae_vaults_little_squares_4,
          v_misc_25, hangedman_vaults_unwind, v_alt_pattern_2,
          ontoclasm_vaults_ring_large
Vaults:4: grunt_vaults_bifocal, v_misc_18, nicolae_vaults_little_squares_6,
          vaults_mumra_chevron_long, vaults_standard_mumra_lines,
          ontoclasm_vaults_decontamination, hangedman_vaults_cutoff,
          nicolae_vaults_border_crossing, vaults_room_door_ring, v_misc_27,
          v_misc_27, uniq_mara
Vaults:5: serial_shops
Depths:1: hangedman_decor_peaks_small, pan_entry, abyss_entry, hell_entry,
          hangedman_abyss_or_decor_passed, minmay_st_funbox,
          grunt_decor_mini_mirrors, minmay_item_behind_shaft,
          kennysheep_generic_room_11, serial_bayou_shore_b
Depths:2: gammafunk_the_bubble, enter_ziggurat_b, grunt_pan_entry_in_and_out,
          serial_glass, glass_columns_a, glass_columns_c, abyss_entry,
          hell_entry, wad_mini_maze, serial_bayou_shore_b, uniq_asterion
Depths:3: grunt_house_of_mirrors, grunt_pan_entry_sceptre,
          minmay_room_of_horrors, hell_entry, serial_bayou_pond_a
Depths:4: kennysheep_four_of_diamonds, abyss_entry, hangedman_coc_ice_floe,
          rand_demon_pan_entry_4, uniq_margery
Depths:5: evilmike_zot_entry_argh, serial_bayou, serial_bayou_lagoon_a,
          serial_bayou_pond_e, serial_bayou_pond_c, serial_bayou_shore_b,
          serial_bayou_shore_b, rand_demon_pan_entry_1, moated_statue,
          hell_entry, uniq_jory
Abyss:1:  evilmike_abyss_exit_12
Abyss:3:  minivault_27, bh_abyss_negative, nicolae_abyss_rune_left_handed,
          patterned_corridor
Abyss:4:  grunt_abyss_exit_deep_breaths, hangedman_abyss_mock_shop,
          evilmike_abyss_rune_ettins, hangedman_abyss_stitches_cave
Lab:      labyrinth_watery, nicolae_lab_stuck, labyrinth_fake_exit,
          labyrinth_skeletal_remains
Trove:    trove_simple
IceCv:    ice_cave_small_necro
WizLab:   wizlab_doroklohe

Skill      XL: |  1  2  3  4  5  6  7  8  9 10 11 12 13 14 15 16 17 18 19 20 21 22 23 24 25 26 |
---------------+-------------------------------------------------------------------------------+-----
Axes           | 4 5 6 7 9 11 14 16 17 19 20 21 26 27 | 27.0
Armour         | 4 5 6 7 9 10 11 13 15 17 19 20 21 22 23 25 | 25.0
Fighting       | 4 5 6 7 9 14 15 16 17 18 19 20 21 22 23 25 27 | 27.0
Dodging        | 3 4 5 6 7 9 11 12 13 14 15 16 17 19 21 22 23 24 26 | 26.0
Shields        | 15 | 15.0

Action                   |  1- 3 |  4- 6 |  7- 9 | 10-12 | 13-15 | 16-18 | 19-21 | 22-24 | 25-27 || total
-------------------------+-------+-------+-------+-------+-------+-------+-------+-------+-------++-------
Melee: Hand axe          |    36 |   158 |    93 |       |       |       |       |       |       ||   287
       Headbutt          |     8 |    26 |    64 |   100 |   267 |   299 |   288 |   258 |   196 ||  1506
       War axe           |       |       |   220 |   220 |       |       |       |       |       ||   440
       Battleaxe         |       |       |       |   116 |  1062 |   866 |  1022 |   693 |       ||  3759
       Executioner's axe |       |       |       |       |   200 |   320 |       |   313 |   778 ||  1611
Throw: Tomahawk          |       |     7 |       |       |       |       |       |       |       ||     7
Invok: Berserk           |     1 |     4 |     9 |     7 |    15 |    13 |    13 |    15 |     6 ||    83
       Trog's Hand       |       |     1 |     1 |     4 |     8 |     9 |    13 |    17 |    24 ||    77
       Brothers in Arms  |       |       |     1 |     4 |     6 |     1 |     2 |     2 |       ||    16
  Use: Scroll            |     2 |     1 |     7 |     6 |    12 |     5 |     4 |    18 |     1 ||    56
       Potion            |       |       |    11 |     2 |     2 |     2 |       |     3 |     9 ||    29
 Stab: Distracted        |       |       |       |       |     4 |     1 |       |       |       ||     5
  Eat: Chunk             |       |    11 |    16 |    18 |    40 |    18 |    22 |    18 |    13 ||   156
       Ration            |       |       |     3 |     2 |     9 |    15 |     8 |    14 |     8 ||    59
Armor: Plate armour      |    18 |   101 |   232 |   204 |  1082 |   882 |   533 |   571 |   409 ||  4032
       Ring mail         |     8 |       |       |       |       |       |       |       |       ||     8
       Animal skin       |     1 |       |       |       |       |       |       |       |       ||     1
Dodge: Dodged            |    27 |    74 |   144 |   180 |   875 |   937 |   785 |  1080 |  1076 ||  5178
Block: Other             |       |       |       |       |       |       |       |    51 |       ||    51
       Reflection        |       |       |       |       |       |       |       |    10 |       ||    10

Table legend:
 A = Non-vault XP
 B = Vault XP
 C = Vault XP percentage of total XP
 D = Non-vault monster count
 E = Vault monster count
 F = Vault count percentage of total count
                 A         B        C        D         E       F
            +---------+---------+-------+---------+---------+-------
      Total |  756833 |  735866 |  49.3 |    1693 |     859 |  33.7
            +---------+---------+-------+---------+---------+-------
        D:1 |       6 |       2 |  25.0 |       4 |       2 |  33.3
        D:2 |     155 |      36 |  18.8 |      21 |       1 |   4.5
        D:3 |     120 |       0 |   0.0 |      28 |       0 |   0.0
        D:4 |     484 |     476 |  49.6 |      24 |       3 |  11.1
        D:5 |     737 |     274 |  27.1 |      30 |       1 |   3.2
        D:6 |     712 |       0 |   0.0 |      30 |       0 |   0.0
        D:7 |     558 |     220 |  28.3 |      13 |       1 |   7.1
        D:8 |    1771 |     610 |  25.6 |      36 |      25 |  41.0
        D:9 |    3372 |    1040 |  23.6 |      34 |       2 |   5.6
       D:10 |    2230 |       0 |   0.0 |      19 |       0 |   0.0
       D:11 |    2641 |     978 |  27.0 |      23 |       4 |  14.8
       D:12 |    3911 |    2469 |  38.7 |      25 |       6 |  19.4
       D:13 |    7437 |    8090 |  52.1 |      32 |      15 |  31.9
       D:14 |    7119 |    1904 |  21.1 |      31 |       5 |  13.9
       D:15 |   22503 |    3349 |  13.0 |      53 |       4 |   7.0
     Lair:1 |    8727 |      55 |   0.6 |      34 |       2 |   5.6
     Lair:2 |    5806 |       0 |   0.0 |      14 |       0 |   0.0
     Lair:3 |    6498 |       0 |   0.0 |      26 |       0 |   0.0
     Lair:4 |    3554 |   10917 |  75.4 |      13 |      16 |  55.2
     Lair:5 |    6441 |     397 |   5.8 |      22 |       1 |   4.3
     Lair:6 |    8532 |   14478 |  62.9 |      32 |      59 |  64.8
    Swamp:1 |   20510 |       0 |   0.0 |      53 |       0 |   0.0
    Swamp:2 |    8841 |    2339 |  20.9 |      20 |       1 |   4.8
    Swamp:3 |   17515 |    3765 |  17.7 |      32 |       5 |  13.5
    Swamp:4 |   21222 |   21389 |  50.2 |      45 |      34 |  43.0
    Snake:1 |   10111 |    6212 |  38.1 |      20 |      23 |  53.5
    Snake:2 |   23999 |    3913 |  14.0 |      45 |       1 |   2.2
    Snake:3 |   31984 |   10714 |  25.1 |      52 |       6 |  10.3
    Snake:4 |    7382 |   61974 |  89.4 |      13 |      89 |  87.3
    Slime:1 |   15724 |       0 |   0.0 |      31 |       0 |   0.0
    Slime:2 |   15708 |       0 |   0.0 |      23 |       0 |   0.0
    Slime:3 |   24186 |       0 |   0.0 |      39 |       0 |   0.0
    Slime:4 |    9931 |       0 |   0.0 |      19 |       0 |   0.0
    Slime:5 |   20944 |   34036 |  61.9 |      46 |      14 |  23.3
      Orc:1 |    1495 |       0 |   0.0 |      28 |       0 |   0.0
      Orc:2 |    4669 |   10871 |  70.0 |      40 |      43 |  51.8
      Elf:1 |   20274 |    3786 |  15.7 |      37 |       6 |  14.0
      Elf:2 |   15921 |   23022 |  59.1 |      35 |      29 |  45.3
      Elf:3 |   17449 |   58516 |  77.0 |      30 |      38 |  55.9
   Vaults:1 |   23914 |   25187 |  51.3 |      48 |      34 |  41.5
   Vaults:2 |   29920 |   31184 |  51.0 |      43 |      37 |  46.2
   Vaults:3 |   33117 |   24453 |  42.5 |      61 |      30 |  33.0
   Vaults:4 |   47866 |  109847 |  69.6 |      63 |      74 |  54.0
   Vaults:5 |   29961 |   92363 |  75.5 |      45 |      54 |  54.5
   Depths:1 |   40263 |   11627 |  22.4 |      56 |      10 |  15.2
   Depths:2 |   20265 |   26283 |  56.5 |      27 |      31 |  53.4
   Depths:3 |   45105 |   50686 |  52.9 |      47 |      46 |  49.5
   Depths:4 |   26540 |   40501 |  60.4 |      30 |      27 |  47.4
   Depths:5 |   54544 |   23341 |  30.0 |      62 |      18 |  22.5
    Abyss:1 |    1012 |       0 |   0.0 |       9 |       0 |   0.0
    Abyss:2 |    3140 |       0 |   0.0 |       9 |       0 |   0.0
    Abyss:3 |   19828 |    6513 |  24.7 |      40 |       6 |  13.0
    Abyss:4 |     179 |       0 |   0.0 |       1 |       0 |   0.0
        Lab |       0 |    1277 | 100.0 |       0 |       1 | 100.0
      IceCv |       0 |    6552 | 100.0 |       0 |      54 | 100.0
     WizLab |       0 |     220 | 100.0 |       0 |       1 | 100.0
            +---------+---------+-------+---------+---------+-------
